EL
HARRISBURG SENATORS @ BINGHAMTON METS
08/20/2099
 
TOP OF THE 1ST
Harrisburg Senators batting - Pitching for Binghamton Mets : LHP Danny Bustos
Pitching: LHP Danny Bustos
Batting: SHB Zion Hamilton 0-0: Fly out, F7 (Flyball, 7, EV 93.8 MPH)
Batting: RHB David DeMaio 0-0: Ball
1-0: Ground out 4-3 (Groundball, 4, EV 103.1 MPH)
Batting: LHB Frank Creamer 0-0: Called Strike
0-1: Foul Ball, location: 7LMF
0-2: Strikes out swinging
Top of the 1st over - 0 runs, 0 hits, 0 errors, 0 left on base; Harrisburg 0 - Binghamton 0
BOTTOM OF THE 1ST
Binghamton Mets batting - Pitching for Harrisburg Senators : RHP Jason Jupina
Pitching: RHP Jason Jupina
Batting: RHB Jesse Grow 0-0: Swinging Strike
0-1: Ball
1-1: Ball
2-1: Called Strike
2-2: SINGLE (Line Drive, 8RS, EV 90.0 MPH)
Batting: RHB Ken Lopez 0-0: Called Strike
0-1: Called Strike
0-2: Ball
1-2: Grounds into double play, 4-6-3 (Groundball, 34, EV 85.6 MPH)
Batting: LHB David Thomas 0-0: Foul Ball, location: 2F
0-1: Swinging Strike
0-2: Ball
1-2: Foul Ball, location: 3SF
1-2: Fly out, F4 (Popup, 13S, EV 85.6 MPH)
Bottom of the 1st over - 0 runs, 1 hit, 0 errors, 0 left on base; Harrisburg 0 - Binghamton 0
TOP OF THE 2ND
Harrisburg Senators batting - Pitching for Binghamton Mets : LHP Danny Bustos
Batting: SHB Jose Jaramillo 0-0: Ball
1-0: Called Strike
1-1: Fly out, F7 (Flyball, 7S, EV 83.8 MPH)
Batting: RHB Joe Fishler 0-0: Ball
1-0: Ball
2-0: Ball
3-0: Base on Balls
Batting: SHB Brian Martin 0-0: Called Strike
0-1: Foul Ball, location: 3FF
0-2: Strikes out swinging
Batting: RHB Ryan Wagner 0-0: Ground out 4-3 (Groundball, 4, EV 89.4 MPH)
Top of the 2nd over - 0 runs, 0 hits, 0 errors, 1 left on base; Harrisburg 0 - Binghamton 0
BOTTOM OF THE 2ND
Binghamton Mets batting - Pitching for Harrisburg Senators : RHP Jason Jupina
Batting: RHB Mark Lamb 0-0: Ball
1-0: Ball
2-0: Ball
3-0: Swinging Strike
3-1: Base on Balls
Batting: LHB Steve Thompson 0-0: Called Strike
0-1: Swinging Strike
0-2: Ball
1-2: Ball
2-2: Strikes out swinging
Batting: RHB Ray Partipilo 0-0: Foul Ball, location: 2F
0-1: Ball
1-1: Foul Ball, location: 9LDF
1-2: Foul Ball, location: 2RF
1-2: Fly out, F7 (Flyball, 7D, EV 84.4 MPH)
Runner from 1st tags up, SAFE at 2nd
Batting: RHB Craig Dennison 0-0: Called Strike
0-1: Fly out, F7 (Flyball, 7LM, EV 85.6 MPH)
Bottom of the 2nd over - 0 runs, 0 hits, 0 errors, 1 left on base; Harrisburg 0 - Binghamton 0
TOP OF THE 3RD
Harrisburg Senators batting - Pitching for Binghamton Mets : LHP Danny Bustos
Batting: RHB Jarrod O'Connor 0-0: Ball
1-0: Fly out, F8 (Flyball, 8RS, EV 92.5 MPH)
Batting: RHB Jose Huerta 0-0: Ball
1-0: Swinging Strike
1-1: Foul Ball, location: 7LSF
1-2: Foul Ball, location: 25F
1-2: SINGLE (Groundball, 6M, EV 101.3 MPH)
Batting: SHB Zion Hamilton 0-0: Swinging Strike
0-1: Called Strike
0-2: Ball
1-2: Ball
2-2: Strikes out swinging
Batting: RHB David DeMaio 0-0: Called Strike
0-1: Ball
1-1: Ball
2-1: Ball
3-1: Fielders Choice at 2nd, 6-4 (Groundball, 6, EV 84.4 MPH)
Top of the 3rd over - 0 runs, 1 hit, 0 errors, 1 left on base; Harrisburg 0 - Binghamton 0
BOTTOM OF THE 3RD
Binghamton Mets batting - Pitching for Harrisburg Senators : RHP Jason Jupina
Batting: LHB Jason Barwick 0-0: Swinging Strike
0-1: Ball
1-1: Ball
2-1: Ball
3-1: Foul Ball, location: 5F
3-2: Ground out 6-3 (Groundball, 6M, EV 84.4 MPH)
Batting: RHB Ivan Rodriguez 0-0: Foul Ball, location: 9LSF
0-1: Ball
1-1: Ball
2-1: Ball
3-1: Called Strike
3-2: DOUBLE (Line Drive, 9LM, EV 93.1 MPH)
Batting: RHB Jesse Grow 0-0: Foul Ball, location: 7LDF
0-1: Ball
1-1: Foul Ball, location: 2F
1-2: Foul Ball, location: 2LF
1-2: Strikes out swinging
Batting: RHB Ken Lopez 0-0: Foul Ball, location: 2F
0-1: Ball
1-1: Ball
2-1: Ball
3-1: Reached on error, E6 (Groundball, 6, EV 101.3 MPH)
Ivan Rodriguez to third
Batting: LHB David Thomas 0-0: Foul Ball, location: 5DF
0-1: Called Strike
0-2: Ball
1-2: Ball
2-2: Ball
3-2: Base on Balls
Ken Lopez to second
Batting: RHB Mark Lamb 0-0: Fielders Choice at 2nd, 6-4 (Groundball, 6, EV 89.4 MPH)
Bottom of the 3rd over - 0 runs, 1 hit, 1 error, 3 left on base; Harrisburg 0 - Binghamton 0
TOP OF THE 4TH
Harrisburg Senators batting - Pitching for Binghamton Mets : LHP Danny Bustos
Batting: LHB Frank Creamer 0-0: Ground out 4-3 (Groundball, 34D, EV 97.5 MPH)
Batting: SHB Jose Jaramillo 0-0: Ball
1-0: SINGLE (Groundball, 56D, EV 103.1 MPH)
Batting: RHB Joe Fishler 0-0: Foul Ball, location: 9LDF
0-1: Ground out 4-3 (Groundball, 34, EV 106.9 MPH)
Jose Jaramillo to second
Batting: SHB Brian Martin 0-0: Ball
1-0: Ball
2-0: Ball
3-0: Called Strike
3-1: Swinging Strike
3-2: Strikes out looking
Top of the 4th over - 0 runs, 1 hit, 0 errors, 1 left on base; Harrisburg 0 - Binghamton 0
BOTTOM OF THE 4TH
Binghamton Mets batting - Pitching for Harrisburg Senators : RHP Jason Jupina
Batting: LHB Steve Thompson 0-0: Called Strike
0-1: Foul Ball, location: 25F
0-2: Ball
1-2: Ball
2-2: Fly out, F7 (Flyball, 7LM, EV 82.5 MPH)
Batting: RHB Ray Partipilo 0-0: Called Strike
0-1: Ball
1-1: Ball
2-1: Swinging Strike
2-2: Foul Ball, location: 2F
2-2: Strikes out looking
Batting: RHB Craig Dennison 0-0: Ball
1-0: Hit by Pitch
Batting: LHB Jason Barwick 0-0: Ball
1-0: Ball
2-0: Ball
3-0: Swinging Strike
3-1: Base on Balls
Craig Dennison to second
Batting: RHB Ivan Rodriguez 0-0: Called Strike
0-1: Ball
1-1: Foul Ball, location: 9LSF
1-2: Strikes out swinging
Bottom of the 4th over - 0 runs, 0 hits, 0 errors, 2 left on base; Harrisburg 0 - Binghamton 0
TOP OF THE 5TH
Harrisburg Senators batting - Pitching for Binghamton Mets : LHP Danny Bustos
Batting: RHB Ryan Wagner 0-0: Called Strike
0-1: Ball
1-1: Called Strike
1-2: Foul Ball, location: 2F
1-2: Ball
2-2: Strikes out swinging
Batting: RHB Jarrod O'Connor 0-0: Ball
1-0: Foul Ball, location: 2F
1-1: Ball
2-1: Fly out, F6 (Popup, 4MS, EV 83.8 MPH)
Batting: RHB Jose Huerta 0-0: Ball
1-0: Ball
2-0: Fly out, F7 (Flyball, 7, EV 86.9 MPH)
Top of the 5th over - 0 runs, 0 hits, 0 errors, 0 left on base; Harrisburg 0 - Binghamton 0
BOTTOM OF THE 5TH
Binghamton Mets batting - Pitching for Harrisburg Senators : RHP Jason Jupina
Batting: RHB Jesse Grow 0-0: Ball
1-0: Called Strike
1-1: Ball
2-1: Ground out 6-3 (Groundball, 56, EV 104.4 MPH)
Pitching: RHP Adam Green
Batting: RHB Ken Lopez 0-0: Ball
1-0: Ball
2-0: Ball
3-0: Base on Balls
Batting: LHB David Thomas 0-0: Ball
1-0: Called Strike
1-1: Called Strike
1-2: Strikes out swinging
Batting: RHB Mark Lamb 0-0: Fielders Choice at 2nd, 6-4 (Groundball, 6, EV 87.5 MPH)
Bottom of the 5th over - 0 runs, 0 hits, 0 errors, 1 left on base; Harrisburg 0 - Binghamton 0
TOP OF THE 6TH
Harrisburg Senators batting - Pitching for Binghamton Mets : LHP Danny Bustos
Batting: SHB Zion Hamilton 0-0: Ball
1-0: Foul Ball, location: 5DF
1-1: Swinging Strike
1-2: Ball
2-2: Fly out, F3 (Popup, 3L, EV 83.8 MPH)
Batting: RHB David DeMaio 0-0: Swinging Strike
0-1: Foul Ball, location: 5FF
0-2: Ball
1-2: Ball
2-2: Foul Ball, location: 9LDF
2-2: Ground out 4-3 (Groundball, 4, EV 105.0 MPH)
Batting: LHB Frank Creamer 0-0: Ground out 4-3 (Groundball, 34D, EV 101.9 MPH)
Top of the 6th over - 0 runs, 0 hits, 0 errors, 0 left on base; Harrisburg 0 - Binghamton 0
BOTTOM OF THE 6TH
Binghamton Mets batting - Pitching for Harrisburg Senators : RHP Adam Green
Batting: LHB Steve Thompson 0-0: Ground out 6-3 (Groundball, 56, EV 110.6 MPH)
Batting: RHB Ray Partipilo 0-0: Foul Ball, location: 9LDF
0-1: Ball
1-1: Foul Ball, location: 7LMFF
1-2: Foul Ball, location: 3F
1-2: Ball
2-2: Ball
3-2: Fly out, F8 (Flyball, 8RM, EV 95.0 MPH)
Batting: RHB Craig Dennison 0-0: Ball
1-0: Fly out, F9 (Flyball, 9LS, EV 90.0 MPH)
Bottom of the 6th over - 0 runs, 0 hits, 0 errors, 0 left on base; Harrisburg 0 - Binghamton 0
TOP OF THE 7TH
Harrisburg Senators batting - Pitching for Binghamton Mets : LHP Danny Bustos
Batting: SHB Jose Jaramillo 0-0: Ball
1-0: Ball
2-0: Called Strike
2-1: Swinging Strike
2-2: Ball
3-2: Strikes out swinging
Batting: RHB Joe Fishler 0-0: Called Strike
0-1: Reached via error on a dropped throw from 1B, E1 (Groundball, 34, EV 90.6 MPH)
Batting: SHB Brian Martin 0-0: Called Strike
0-1: Fly out, F7 (Line Drive, 78M, EV 90.0 MPH)
Batting: RHB Ryan Wagner 0-0: Fly out, F8 (Line Drive, 8RD, EV 96.9 MPH)
Top of the 7th over - 0 runs, 0 hits, 1 error, 1 left on base; Harrisburg 0 - Binghamton 0
BOTTOM OF THE 7TH
Binghamton Mets batting - Pitching for Harrisburg Senators : RHP Adam Green
Batting: LHB Jason Barwick 0-0: Ball
1-0: SINGLE (Groundball, 34, EV 109.4 MPH) (infield hit)
Batting: RHB Ivan Rodriguez 0-0: Ball
1-0: Ball
2-0: Ball
3-0: Base on Balls
Jason Barwick to second
Pitching: RHP Juan Ventura
Batting: RHB Jesse Grow 0-0: Foul Ball, location: 9LSFF
0-1: SINGLE (Line Drive, 6D, EV 98.1 MPH)
Jason Barwick to third
Ivan Rodriguez to second
Runner from 3rd tries for Home, SAFE, throw by CF to home
Batting: RHB Ken Lopez 0-0: Ball
1-0: Swinging Strike
1-1: Fly out, F9 (Flyball, 9D, EV 92.5 MPH)
Runner from 2nd tags up, SAFE at 3rd, no throw by RF
Batting: LHB David Thomas 0-0: Ball
1-0: Fly out, F8 (Flyball, 89S, EV 83.8 MPH)
Batting: RHB Mark Lamb 0-0: Foul Ball, location: 25F
0-1: Ball
1-1: Foul Ball, location: 2F
1-2: Ball
2-2: Ground out 4-3 (Groundball, 34, EV 87.5 MPH)
Bottom of the 7th over - 1 run, 2 hits, 0 errors, 2 left on base; Harrisburg 0 - Binghamton 1
TOP OF THE 8TH
Harrisburg Senators batting - Pitching for Binghamton Mets : LHP Danny Bustos
Batting: RHB Jarrod O'Connor 0-0: Ball
1-0: Fly out, F7 (Flyball, 7LM, EV 90.0 MPH)
Batting: RHB Jose Huerta 0-0: SINGLE (Line Drive, 6MD, EV 101.9 MPH)
Batting: SHB Zion Hamilton 0-0: Ball
1-0: Ball
2-0: Swinging Strike
2-1: Foul Ball, location: 7LMF
2-2: Ball
3-2: Foul Ball, location: 25FF
3-2: Base on Balls
Jose Huerta to second
Batting: RHB David DeMaio 0-0: Grounds into double play, 4-6-3 (Groundball, 4, EV 90.6 MPH)
Top of the 8th over - 0 runs, 1 hit, 0 errors, 1 left on base; Harrisburg 0 - Binghamton 1
BOTTOM OF THE 8TH
Binghamton Mets batting - Pitching for Harrisburg Senators : RHP Juan Ventura
Batting: LHB Steve Thompson 0-0: Called Strike
0-1: Ground out 4-3 (Groundball, 4, EV 86.3 MPH)
Batting: RHB Ray Partipilo 0-0: Called Strike
0-1: Foul Ball, location: 9LDF
0-2: Fly out, F3 (Popup, 3, EV 69.4 MPH)
Batting: RHB Craig Dennison 0-0: Called Strike
0-1: DOUBLE (Flyball, 8RXD, EV 107.5 MPH)
Batting: LHB Jason Barwick 0-0: Ball
1-0: Ball
2-0: Fly out, F8 (Flyball, 89M, EV 96.9 MPH)
Bottom of the 8th over - 0 runs, 1 hit, 0 errors, 1 left on base; Harrisburg 0 - Binghamton 1
TOP OF THE 9TH
Harrisburg Senators batting - Pitching for Binghamton Mets : LHP Danny Bustos
Batting: LHB Frank Creamer 0-0: Ball
1-0: Ball
2-0: Swinging Strike
2-1: SINGLE (Line Drive, 8RS, EV 105.0 MPH)
Batting: SHB Jose Jaramillo 0-0: Foul Ball, location: 3SF
0-1: Ball
1-1: Foul Ball, location: 2F
1-2: Ball
2-2: Hit by Pitch
Frank Creamer to second
Batting: RHB Joe Fishler 0-0: Ball
1-0: Grounds into double play, 4-6-3 (Groundball, 4, EV 83.1 MPH)
Frank Creamer to third
Batting: SHB Brian Martin 0-0: SINGLE (Line Drive, 89S, EV 90.6 MPH)
Frank Creamer scores
Pitching: RHP Scott Barksdale
Pinch Hitting: LHB Juan Chavez 0-0: Ball
1-0: Called Strike
1-1: Ball
2-1: Foul Ball, location: 7LSF
2-2: Foul Ball, location: 3F
2-2: Strikes out swinging
Top of the 9th over - 1 run, 2 hits, 0 errors, 1 left on base; Harrisburg 1 - Binghamton 1
BOTTOM OF THE 9TH
Binghamton Mets batting - Pitching for Harrisburg Senators : RHP Juan Ventura
Now at 1B: Juan Chavez
Now in RF: Joe Fishler
Batting: RHB Ivan Rodriguez 0-0: Called Strike
0-1: Ball
1-1: Foul Ball, location: 2F
1-2: Ball
2-2: Foul Ball, location: 9LSF
2-2: Foul Ball, location: 9LDF
2-2: Ball
3-2: Foul Ball, location: 9LSF
3-2: Base on Balls
Pitching: LHP Carlos Jimenez
Batting: RHB Jesse Grow 0-0: Foul Ball, location: 9LMF
0-1: Ball
1-1: Foul Ball, location: 2F
1-2: Fielders Choice at 2nd, 6-4 (Groundball, 6, EV 83.1 MPH)
Batting: RHB Ken Lopez 0-0: Foul Ball, location: 5F
0-1: Foul Ball, location: 2F
0-2: Strikes out swinging
Pinch Hitting: RHB Sam Zick 0-0: Ball
1-0: Fielders Choice at 2nd, 6-4 (Groundball, 6, EV 90.0 MPH)
Bottom of the 9th over - 0 runs, 0 hits, 0 errors, 1 left on base; Harrisburg 1 - Binghamton 1
TOP OF THE 10TH
Harrisburg Senators batting - Pitching for Binghamton Mets : RHP Scott Barksdale
Juan Chavez starts the inning at 2nd base.
Now in RF: Paul Barner
Batting: RHB Jarrod O'Connor 0-0: Intentional Walk
Pinch Hitting: LHB Edwin Flores 0-0: Ball
1-0: Fly out, F3 (Popup, 3SF, EV 73.8 MPH)
Batting: SHB Zion Hamilton 0-0: Foul Ball, location: 2F
0-1: Foul Ball, location: 25F
0-2: Ball
1-2: Ball
2-2: Strikes out swinging
Batting: RHB David DeMaio 0-0: Swinging Strike
0-1: Ball
1-1: Swinging Strike
1-2: Ball
2-2: Fielders Choice at 2nd, 5-4 (Groundball, 56, EV 83.8 MPH)
Top of the 10th over - 0 runs, 0 hits, 0 errors, 2 left on base; Harrisburg 1 - Binghamton 1
BOTTOM OF THE 10TH
Binghamton Mets batting - Pitching for Harrisburg Senators : LHP Carlos Jimenez
Paul Barner starts the inning at 2nd base.
Now at SS: Montes Calosso
Batting: RHB Mark Lamb 0-0: Intentional Walk
Pinch Hitting: RHB Dallas Lentz 0-0: Ball
1-0: Ball
2-0: Fielders Choice at 2nd, 6-4 (Groundball, 6, EV 83.8 MPH)
Paul Barner to third
Batting: RHB Ray Partipilo 0-0: Foul Ball, location: 3F
0-1: Called Strike
0-2: Foul Ball, location: 2F
0-2: Ball
1-2: Ball
2-2: Foul Ball, location: 9LSF
2-2: Ball
3-2: Foul Ball, location: 2F
3-2: Fly out, F9 (Flyball, 9, EV 81.9 MPH)
Runner from 3rd tags up, SCORES, throw by RF
Bottom of the 10th over - 1 run, 0 hits, 0 errors, 1 left on base; Harrisburg 1 - Binghamton 2
Wednesday, May 15th , 2024 - OOTP Baseball 24.11 Build 85